 Dungeon Crawl Stone Soup version 0.18.1-1-g2f07953 (webtiles) character file.

126 LORDOFBUTT the Sneak (level 4, -2/34 HPs)
             Began as a Vampire Assassin on May 6, 2016.
             Slain by a giant gecko (4 damage)
             ... on level 3 of the Dungeon.
             The game lasted 00:02:51 (950 turns).

LORDOFBUTT the Sneak (Vampire Assassin)              Turns: 950, Time: 00:02:52

Health: -2/34      AC:  3    Str: 10    XL:     4   Next: 83%
Magic:  4/4        EV: 13    Int: 13    God:
Gold:   86         SH:  0    Dex: 16    Spells: 0 memorised, 3 levels left

rFire  . . .     SeeInvis +     b - +0 blowgun
rCold  . . .     Gourm    .     c - +0 robe
rNeg   . . .     Faith    .     (no shield)
rPois  .         Spirit   .     i - +0 hat
rElec  .         Dismiss  .     d - +0 cloak
rCorr  .         Reflect  .     (no gloves)
SustAt .         Harm     .     (no boots)
MR     .....                    (no amulet)
Stlth  ++++......               (no ring)
                                (no ring)

@: regenerating quickly, not resistant to hostile enchantments, stealthy
A: fangs 3, see invisible, unbreathing
a: no special abilities


You were on level 3 of the Dungeon.
You were very full.

You visited 1 branch of the dungeon, and saw 3 of its levels.

You collected 86 gold pieces.

Inventory:

Hand Weapons
 a - a +3 dagger
 b - a +0 blowgun (weapon)
Missiles
 e - 18 poisoned needles (quivered)
Armour
 c - a +0 robe (worn)
 d - a +0 cloak (worn)
 i - a +0 hat (worn)
Scrolls
 k - 2 scrolls of identify {unknown}
 l - 2 scrolls of remove curse {unknown}
 n - a scroll of teleportation {unknown}
Potions
 g - a potion of blood
 h - a potion of haste {unknown}
 m - a potion of agility {unknown}


   Skills:
 + Level 2.4 Fighting
 + Level 2.5 Short Blades
 + Level 1.7 Throwing
 + Level 2.8 Dodging
 + Level 7.6 Stealth


You had 3 spell levels left.
You didn't know any spells.

Dungeon Overview and Level Annotations

Branches:
Dungeon (3/15)

Altars:

Annotations:
D:3 Purgy


Innate Abilities, Weirdness & Mutations

Your natural rate of healing is unusually fast.
You have razor-sharp teeth.
You have supernaturally acute eyesight.
You can survive without breathing.


Message History

Wield which item (- for none, * to show all)? (? for menu, Esc to quit)
b - a +0 blowgun (weapon)
Quiver which item? (- for none, * to show all) (? for menu, Esc to quit)
Quivering
f - 2 curare-tipped needles for blowguns.
Firing (i - inventory. (,) - cycle):
f - 2 curare-tipped needles (quivered)
Press: ? - help, Shift-Dir - straight line, f - Purgy
Aim: Purgy (lightly wounded)
You shoot a curare-tipped needle.
The curare-tipped needle barely misses Purgy.
The giant gecko bites you.
* * * LOW HITPOINT WARNING * * *
Purgy misses you. x3
Firing (i - inventory. (,) - cycle):
f - a curare-tipped needle (quivered)
Press: ? - help, Shift-Dir - straight line, f/p - Purgy
Aim: Purgy You shoot a curare-tipped needle.
The curare-tipped needle hits Purgy.
Purgy is poisoned.
Purgy convulses.
Purgy seems to slow down.
Purgy is moderately wounded.
The giant gecko bites you.
You die...

## .## ..# ..# ####
..#### . ... .........
.. (#####..>. .####
...... .%.### #.l.#
..###### #....##@#
.......# #..†T#####
.#.....# ####.........
.#.....####.....(......
.#..............####...
.#....................#
.#.....####.......... .
........................
........###.............


You could see Purgy and a giant gecko.

Vanquished Creatures
  A centaur (D:3)
  An adder (D:3)
  An ooze (D:1)
  A dart slug (D:1)
  A giant cockroach (D:1)
  6 goblins
  3 hobgoblins
  3 jackals (D:3)
  A quokka (D:3)
  3 bats (D:1)
  2 giant newts (D:1)
  4 kobolds (D:1)
  3 rats
30 creatures vanquished.

Notes
Turn   | Place    | Note
--------------------------------------------------------------
     0 | D:1      | LORDOFBUTT the Vampire Assassin began the quest for the Orb.
     0 | D:1      | Reached XP level 1. HP: 16/16 MP: 1/1
    36 | D:1      | Reached skill level 6 in Stealth
   124 | D:1      | Reached XP level 2. HP: 19/22 MP: 2/2
   798 | D:3      | Reached XP level 3. HP: 27/27 MP: 3/3
   819 | D:3      | Reached skill level 7 in Stealth
   858 | D:3      | Noticed a centaur
   869 | D:3      | Killed a centaur
   869 | D:3      | Reached XP level 4. HP: 34/34 MP: 4/4
   938 | D:3      | Noticed Purgy
   950 | D:3      | Slain by a giant gecko

Skill      XL: |  1  2  3 |
---------------+----------+-----
Stealth        | 6 7 |  7.6
Fighting       | 2 |  2.4
Dodging        | 2 |  2.8
Short Blades   | |  2.5
Throwing       | |  1.7

Action                   |  1- 3 |  4- 6 || total
-------------------------+-------+-------++-------
Melee: Dagger            |    58 |     5 ||    63
       Bite              |     1 |       ||     1
 Fire: Blowgun           |       |     2 ||     2
  Use: Scroll            |       |     1 ||     1
 Stab: Sleeping          |    10 |     1 ||    11
  Eat: Corpse            |     9 |     1 ||    10
Armor: Robe              |    22 |     2 ||    24
Dodge: Dodged            |    31 |    11 ||    42
